 Dungeon Crawl Stone Soup version 0.20-b1-24-gb21faa7 (webtiles) character file.

3427 Gorglomux the Grappler (level 9, -16/93 HPs)
             Began as a Troll Warper on May 25, 2017.
             Was a Follower of Ru.
             Demolished by Pikel
             ... wielding a +0 whip of electrocution
              (19 damage)
             ... on level 8 of the Dungeon.
             The game lasted 00:08:30 (6824 turns).

Gorglomux the Grappler (Troll Warper)               Turns: 6824, Time: 00:08:31

Health: -16/93     AC:  5    Str: 21    XL:     9   Next: 76%
Magic:  9/9        EV: 15    Int:  9    God:    Ru [*.....]
Gold:   83         SH:  0    Dex: 17    Spells: 10/10 levels left

rFire    + . .     SeeInvis .     - Unarmed
rCold    . . .     Gourm    +   (no shield)
rNeg     . . .     Faith    .   a - +0 robe
rPois    +         Spirit   .   (helmet restricted)
rElec    .         Reflect  .   (no cloak)
rCorr    .         Harm     .   (gloves unavailable)
MR       .....                  (boots unavailable)
Stlth    +++.......             (no amulet)
Regen    0.7/turn               o - ring of poison resistance
MPRegen  0.2/turn               f - ring of protection from fire

@: agile, no scrolls
A: unfitting armour, claws 3, fast metabolism 3, gourmand, regeneration 1,
shaggy fur 1, tough skin 2, inability to read while threatened
a: Renounce Religion


You were on level 8 of the Dungeon.
You worshipped Ru.
Ru was aware of your devotion.
You were full.

You visited 1 branch of the dungeon, and saw 9 of its levels.

You collected 489 gold pieces.
You spent 406 gold pieces at shops.

Inventory:

Missiles
 d - 5 tomahawks of dispersal
 y - 6 large rocks
 L - 7 tomahawks (quivered)
 Z - a throwing net
Armour
 a - a +0 robe (worn)
 W - a +0 shield
Jewellery
 f - a ring of protection from fire (right claw)
 m - an uncursed ring of protection from magic
 o - a ring of poison resistance (left claw)
 p - an uncursed ring of fire {unknown}
Wands
 D - a wand of digging (13/24)
 E - a wand of enslavement (0/24)
Scrolls
 q - a scroll of noise {unknown}
 v - a scroll of magic mapping {unknown}
 A - 3 scrolls of teleportation
 B - a scroll of blinking
 C - a scroll of random uselessness {unknown}
 H - 3 scrolls of recharging {unknown}
 O - 2 scrolls of enchant armour {unknown}
 R - 3 scrolls of fog {unknown}
 U - 6 scrolls of remove curse
 V - 4 scrolls of identify
 X - 4 scrolls of enchant weapon {unknown}
Potions
 r - a potion of mutation {unknown}
 s - a potion of flight
 t - a potion of brilliance
 w - a potion of experience {unknown}
 F - 5 potions of curing
 I - a potion of magic {unknown}
 J - a potion of agility
 K - 3 potions of haste {unknown}
 M - a potion of heal wounds
 P - a potion of degeneration {unknown}
 Q - 4 potions of lignification {unknown}
 S - a potion of ambrosia {unknown}
 T - a potion of resistance {unknown}
Books
 b - a book of Spatial Translocations

   Spells                             Type                      Level
   a - Blink                          Translocation                2
   b - Shroud of Golubria             Charms/Translocation         2
   c - Lesser Beckoning               Translocation                3
   d - Gell's Gravitas                Translocation                3
   e - Teleport Other                 Translocation                3
   f - Passage of Golubria            Translocation                4
 u - a book of Changes

   Spells                             Type                      Level
   a - Beastly Appendage              Transmutation                1
   b - Sticks to Snakes               Transmutation                2
   c - Spider Form                    Transmutation/Poison         3
   d - Ice Form                       Ice/Transmutation            4
   e - Blade Hands                    Transmutation                5
 Y - a book of Callings

   Spells                             Type                      Level
   a - Summon Small Mammal            Summoning                    1
   b - Call Imp                       Summoning                    2
   c - Call Canine Familiar           Summoning                    3
   d - Summon Guardian Golem          Hexes/Summoning              3
   e - Summon Lightning Spire         Summoning/Air                4
   f - Summon Ice Beast               Ice/Summoning                4
Comestibles
 n - 5 chunks of flesh
 x - 5 bread rations
 z - 4 meat rations
 G - 4 royal jellies
 N - 10 fruits


   Skills:
 + Level 7.6 Fighting
 - Level 0.8 Throwing
 - Level 1.9 Dodging
 + Level 10.9 Unarmed Combat
 - Level 1.2 Spellcasting
   Level 2.1 Translocations


You had 10 spell levels left.
You didn't know any spells.

Dungeon Overview and Level Annotations

Branches:
Dungeon (9/15)             Temple (0/1) D:7
   Lair: D:8-11         Orc: D:9-12

Altars:
Dithmenos
Qazlal
Ru
Uskayaw
Zin

Shops:
D:7 ?*[[!

Annotations:
D:4 FakerFangirl's ghost, amateur DrFi
D:8 Gorglomux's ghost, novice TrWr; Pikel
D:9 Joseph


Innate Abilities, Weirdness & Mutations

You are too large for most types of armour.
You have claws for hands.
Your metabolism is lightning-fast.
You like to eat raw meat.
Your natural rate of healing is unusually fast.
You are covered in fur. (AC +1)
You have very tough skin. (AC +2)
You cannot read scrolls while threatened.


Message History

The slave misses you.
Pikel hits you with a whip of electrocution.
* * * LOW HITPOINT WARNING * * *
The slave completely misses you. The slave hits you.
* * * LOW HITPOINT WARNING * * *
The slave closely misses you.
You barely miss Pikel.
Pikel is severely wounded.
Pikel misses you. The slave barely misses you. x2
The slave hits you but does no damage. The slave hits you.
* * * LOW HITPOINT WARNING * * *
Unknown command.
You barely miss Pikel.
Pikel is severely wounded.
The slave hits you.
* * * LOW HITPOINT WARNING * * *
Pikel hits you with a whip of electrocution.
* * * LOW HITPOINT WARNING * * *
You are electrocuted!
You die...

#........# ############........#
#..........#........#
####..........#........# ..
...........(..#....)...##.#######
.........<....'...=....##.#.....#
..............#.#########.#..#..#
.....#####.#..#p###.# #.#.....#
..........)....p@Kgg#####......##
....#.###.8[8.8pp##.W...........#
....#.###....................##.#
....#..#.........##.####........#
....##.#.......#.##.# #.g.gW<..#
....##.......)_#..######...####.#
...####.#......#.................
.(.# #.#........##g######.####.#
...# #.#........##.# ....


You could see Pikel, 4 slaves, a gnoll shaman, Gorglomux's ghost and a gnoll.

Vanquished Creatures
  Erica (D:8)
  A hippogriff (D:5)
  A hungry ghost (D:8)
  A sky beast (D:6)
  2 ice beasts
  3 ogres
  4 phantoms
  4 centaurs
  A big kobold (D:7)
  2 bullfrogs (D:7)
  2 scorpions
  2 howler monkeys
  3 crimson imps
  A quasit (D:6)
  A hound (D:5)
  2 jellies
  An orc priest (D:8)
  3 centaur skeletons (D:5)
  2 iguanas
  3 orc wizards
  4 worker ants
  A howler monkey skeleton (D:4)
  8 gnolls
  15 adders
  2 shadow imps
  4 worms
  4 leopard geckos
  10 orcs
  6 giant cockroaches
  9 goblins
  9 hobgoblins
  12 jackals
  11 kobolds
  7 quokkas
  2 ball pythons
  12 bats
  6 frilled lizards
  A quokka zombie (D:5)
  9 rats
172 creatures vanquished.

Vanquished Creatures (others)
  A gnoll (D:8)
1 creature vanquished.

Grand Total: 173 creatures vanquished

Notes
Turn   | Place    | Note
-------+----------+-------------------------------------------
     0 | D:1      | Gorglomux the Troll Warper began the quest for the Orb.
     0 | D:1      | Reached XP level 1. HP: 19/19 MP: 1/1
   128 | D:1      | Reached XP level 2. HP: 23/27 MP: 2/2
   203 | D:1      | Reached skill level 3 in Unarmed Combat
   927 | D:2      | Reached XP level 3. HP: 33/33 MP: 3/3
  1061 | D:2      | Reached skill level 4 in Unarmed Combat
  1167 | D:2      | Reached XP level 4. HP: 33/41 MP: 4/4
  1583 | D:2      | Reached skill level 5 in Unarmed Combat
  2035 | D:3      | Reached XP level 5. HP: 42/48 MP: 5/5
  2059 | D:3      | Found a shadowy altar of Dithmenos.
  2754 | D:4      | Reached skill level 6 in Unarmed Combat
  2817 | D:4      | Found a sacrificial altar of Ru.
  2895 | D:4      | Reached XP level 6. HP: 55/55 MP: 6/6
  2925 | D:4      | Noticed FakerFangirl's ghost (amateur DrFi)
  3273 | D:4      | Found a stormy altar of Qazlal.
  3409 | D:5      | Entered Level 5 of the Dungeon
  3511 | D:5      | Noticed a hippogriff
  3511 | D:5      | Reached skill level 7 in Unarmed Combat
  3511 | D:5      | Reached XP level 7. HP: 14/66 MP: 7/7
  3540 | D:5      | Reached skill level 3 in Fighting
  3660 | D:5      | Killed a hippogriff
  3677 | D:4      | Became a worshipper of Ru the Awakened
  3868 | D:5      | Reached skill level 8 in Unarmed Combat
  3942 | D:5      | Reached XP level 8. HP: 78/78 MP: 8/8
  4795 | D:6      | Reached skill level 9 in Unarmed Combat
  5378 | D:7      | Reached skill level 6 in Fighting
  5378 | D:7      | Reached XP level 9. HP: 89/89 MP: 9/9
  5432 | D:7      | Found Inim's Armour Boutique.
  5447 | D:7      | Found Vebossyg's Distillery.
  5448 | D:7      | Found Vomil's Magic Scroll Emporium.
  5452 | D:7      | Found Qidur's Armour Emporium.
  5454 | D:7      | Bought a potion of brilliance for 56 gold pieces
  5454 | D:7      | Bought a potion of curing for 42 gold pieces
  5454 | D:7      | Bought a potion of agility for 56 gold pieces
  5454 | D:7      | Bought a potion of flight for 42 gold pieces
  5457 | D:7      | Found Jaivve's General Store.
  5472 | D:7      | Bought a scroll of identify for 32 gold pieces
  5472 | D:7      | Bought a scroll of identify for 32 gold pieces
  5472 | D:7      | Bought a scroll of amnesia for 56 gold pieces
  5489 | D:7      | Bought a scroll of remove curse for 45 gold pieces
  5489 | D:7      | Bought a scroll of teleportation for 45 gold pieces
  5552 | D:7      | Found a staircase to the Ecumenical Temple.
  5635 | D:7      | Found a glowing silver altar of Zin.
  5660 | D:7      | Gained mutation: You cannot read scrolls while threatened. [Ru sacrifice]
  5660 | D:7      | Reached * piety under Ru
  5922 | D:8      | Noticed Erica
  5923 | D:8      | Found a hide-covered altar of Uskayaw.
  5931 | D:8      | Noticed Gorglomux's ghost (novice TrWr)
  5932 | D:8      | Killed Erica
  5932 | D:8      | Reached skill level 10 in Unarmed Combat
  6785 | D:9      | Noticed Joseph
  6785 | D:9      | Noticed Pikel
  6811 | D:9      | Noticed a two-headed ogre
  6818 | D:8      | HP: 1/93 [Pikel/whip of electrocution (4)]
  6824 | D:8      | HP: 3/93 [Pikel/whip of electrocution (2)]
  6824 | D:8      | Demolished by Pikel

Skill      XL: |  1  2  3  4  5  6  7  8  9 |
---------------+----------------------------+-----
Unarmed Combat | 3 4 5 6 7 8 9 10 | 10.9
Fighting       | 2 4 6 7 |  7.6
Throwing       | |  0.8
Dodging        | |  1.9
Spellcasting   | |  1.2
Translocations | |  2.1

Action                   |  1- 3 |  4- 6 |  7- 9 || total
-------------------------+-------+-------+-------++-------
Melee: Unarmed           |   113 |   183 |   254 ||   550
       Punch             |     1 |     4 |    10 ||    15
Invok: Sacrifice Words   |       |       |     1 ||     1
Evoke: Wand              |       |       |     5 ||     5
  Use: Potion            |       |       |     5 ||     5
 Stab: Sleeping          |     1 |     2 |     5 ||     8
       Distracted        |       |       |     1 ||     1
  Eat: Chunk             |    15 |    18 |    39 ||    72
Armor: Robe              |    43 |    44 |    80 ||   167
Dodge: Dodged            |    63 |    80 |   129 ||   272
